 Dungeon Crawl Stone Soup version 0.30.0-29-ga12c61a403 (webtiles) character file.

Game seed: 8597220162190537461

697 seaoflcl the Chopper (level 7, -1/61 HPs)
             Began as a Minotaur Fighter on June 14, 2023.
             Slain by an ogre
             ... wielding a +0 giant spiked club
              (11 damage)
             ... on level 5 of the Dungeon.
             The game lasted 00:03:51 (2910 turns).

seaoflcl the Chopper (Minotaur Fighter)             Turns: 2910, Time: 00:03:52

Health: -1/61      AC: 17    Str: 23    XL:     7   Next: 38%
Magic:  6/6        EV:  6    Int:  5    God:
Gold:   352        SH:  4    Dex:  9    Spells: 6/6 levels left

rFire   . . .        a - +0 war axe
rCold   . . .        c - +0 buckler
rNeg    . . .        e - +0 plate armour
rPois   .            (helmet restricted)
rElec   .            m - +1 cloak
rCorr   .            (no gloves)
SInv    .            j - +2 pair of boots
Will    .....        (no amulet) Stlth
                     (no ring)
HPRegen 0.30/turn    (no ring)
MPRegen 0.10/turn

%: no passive effects
@: no status effects
A: horns 2, retaliatory headbutt
a: no special abilities


You were on level 5 of the Dungeon.
You visited 1 branch of the dungeon, and saw 5 of its levels.

You collected 352 gold pieces.

Inventory:

Hand Weapons
 a - a +0 war axe (weapon)
 v - the +5 sling "Miru" {heavy, Will+ rCorr MP+9}
   (You found it on level 3 of the Dungeon)

   MP:        It affects your magic capacity (+9).
   rCorr:     It protects you from acid and corrosion.
   Will:      It increases your willpower.
Missiles
 l - 6 boomerangs (quivered)
Armour
 c - a +0 buckler (worn)
 e - a +0 plate armour (worn)
 j - a +2 pair of boots (worn)
 m - a +1 cloak (worn)
Jewellery
 k - a ring of protection from cold
 A - an amulet of regeneration
Wands
 p - a wand of polymorph (11)
 y - a wand of flame (22)
Scrolls
 f - 2 scrolls of enchant weapon {unknown}
 n - a scroll of immolation {unknown}
 q - 3 scrolls of identify {unknown}
 r - a scroll of fog {unknown}
 u - a scroll of silence {unknown}
 w - 3 scrolls of blinking {unknown}
 x - a scroll of teleportation {unknown}
 C - a scroll of magic mapping {unknown}
Potions
 b - 2 potions of lignification {unknown}
 d - 2 potions of might
 g - 2 potions of mutation {unknown}
 h - 2 potions of curing {unknown}
 i - a potion of attraction {unknown}
 o - 2 potions of flight {unknown}
 s - a potion of cancellation {unknown}
 t - a potion of haste {unknown}
 z - 4 potions of heal wounds {unknown}
 B - a potion of degeneration {unknown}


   Skills:
 + Level 5.2 Fighting
 * Level 5.7 Axes
 + Level 2.4 Ranged Weapons
 + Level 2.5 Throwing
 + Level 5.1 Armour
 + Level 5.2 Shields
 + Level 1.2 Evocations


You had 6 spell levels left.
You didn't know any spells.
Your spell library contained the following spells:

 Spells                   Type           Power      Damage    Failure   Level
 Hailstorm                Conj/Ice       0%         3d3       100%        3
 Tukima's Dance           Hex            0%         N/A       100%        3
 Ice Form                 Ice/Tmut       0%         N/A       100%        4
 Passage of Golubria      Tloc           0%         N/A       100%        4
 Yara's Violent Unravell  Hex/Tmut       0%         3d3       100%        5
 Simulacrum               Ice/Necr       0%         N/A       100%        6


Dungeon Overview and Level Annotations

Branches:
Dungeon (5/15)
 Temple: D:4-7

Altars:
Dithmenos
Kikubaaqudgha
Okawaru
Wu Jian

Annotations:
D:3 3 runed translucent doors, PerfectTommy's ghost, amateur DgIE; Tiring's ghost, amateur DrAE


Innate Abilities, Weirdness & Mutations

You have a pair of horns on your head.
You reflexively headbutt those who attack you in melee.


Message History

You barely miss the iguana. You block the iguana's attack.
You hit the iguana.
The iguana is lightly wounded.
The iguana bites you but does no damage.
You closely miss the iguana. Your headbutt misses the iguana.
The iguana is lightly wounded.
The iguana bites you!
You hit the iguana but do no damage. You headbutt the iguana.
The iguana is moderately wounded.
The iguana completely misses you.
You closely miss the iguana.
You headbutt the iguana, but do no damage.
The iguana is moderately wounded.
The iguana bites you but does no damage.
The iguana bites you!
You barely miss the iguana.
The iguana is moderately wounded.
You block the iguana's attack.
You hit the iguana.
The iguana is heavily wounded.
The iguana bites you.
You barely miss the iguana.
The iguana is heavily wounded.
The iguana barely misses you.
You slash the iguana!
You kill the iguana!
You hit the ogre.
The ogre is lightly wounded.
The ogre barely misses you.
You barely miss the ogre. Your headbutt misses the ogre.
The ogre is lightly wounded.
The ogre closely misses you.
You barely miss the ogre.
The ogre is lightly wounded.
The ogre hits you with a +0 giant spiked club!
* * * LOW HITPOINT WARNING * * *
You slash the ogre!
The ogre is heavily wounded.
The ogre hits you with a +0 giant spiked club!
You die...

## # .. .. ###. ...
#.. .... #.## ....#
#))#...# # ##.@Og.#
### ##..###...# ..#
########..## .#..
#.####........## .#
...........#### .#
#..........########
#
..................#
#......#.##########
#.#.........<# #


You could see an ogre and a gnoll.

Vanquished Creatures
  Prince Ribbit (D:5)
  A sky beast (D:4)
  An orc priest (D:3)
  3 hounds
  3 iguanas (D:5)
  A sleepcap (D:5)
  An orc wizard (D:3)
  3 gnolls (D:5)
  5 adders
  5 dart slugs
  11 orcs
  7 ball pythons
  3 endoplasms
  5 giant cockroaches
  5 goblins
  5 hobgoblins
  7 jackals
  2 quokkas
  3 bats
  6 frilled lizards
  5 kobolds
  3 rats
86 creatures vanquished.

Notes
Turn   | Place    | Note
-------+----------+-------------------------------------------
     0 | D:1      | seaoflcl the Minotaur Fighter began the quest for the Orb.
     0 | D:1      | Reached XP level 1. HP: 19/19 MP: 0/0
   180 | D:1      | Reached XP level 2. HP: 27/27 MP: 1/1
   565 | D:2      | Reached XP level 3. HP: 33/33 MP: 2/2
   983 | D:3      | Found a runed translucent gate.
   983 | D:3      | Found a runed translucent gate.
   983 | D:3      | Found a runed translucent gate.
   995 | D:3      | Noticed Tiring's ghost (amateur DrAE)
   995 | D:3      | Noticed PerfectTommy's ghost (amateur DgIE)
  1220 | D:3      | Identified the +5 sling "Miru" {heavy, Will+ rCorr MP+9}
  1233 | D:3      | Found an ancient bone altar of Kikubaaqudgha.
  1296 | D:3      | Found a shadowy altar of Dithmenos.
  1358 | D:3      | Reached skill level 1 in Throwing
  1358 | D:3      | Reached XP level 4. HP: 40/40 MP: 3/3
  1769 | D:3      | Reached skill level 1 in Ranged Weapons
  1769 | D:3      | Reached XP level 5. HP: 31/47 MP: 4/4
  1971 | D:4      | Noticed a sky beast
  1991 | D:4      | Killed a sky beast
  2123 | D:4      | Reached XP level 6. HP: 53/53 MP: 5/5
  2239 | D:4      | Found an iron altar of Okawaru.
  2420 | D:5      | Entered Level 5 of the Dungeon
  2476 | D:5      | Found an ornate altar of the Wu Jian Council.
  2563 | D:5      | Reached skill level 5 in Axes
  2592 | D:5      | Noticed Prince Ribbit
  2622 | D:5      | Killed Prince Ribbit
  2623 | D:5      | Reached skill level 5 in Fighting
  2623 | D:5      | Reached skill level 5 in Armour
  2623 | D:5      | Reached skill level 5 in Shields
  2623 | D:5      | Reached XP level 7. HP: 30/61 MP: 3/6
  2835 | D:5      | Reached skill level 1 in Evocations
  2910 | D:5      | Slain by an ogre

Illustrated notes

Levels and vault maps discovered:
D:1:      amcnicky_arrival_gap_in_the_tavern_cellar, layout_rooms,
          minmay_hexomino_c4
D:2:      layout_loops_ring, minmay_misc_feat_encased
D:3:      layout_basic, kiku_gazebo_pond_becter, mainiacjoe_overflow_boulevard,
          gammafunk_ghost_cemetery, serial_bayou_lagoon_a
D:4:      layout_rooms, okawaru_metal_pillars_1_2
D:5:      layout_basic, mainiacjoe_overflow_small_starburst,
          general_overflow_altar, minmay_increasing_density, uniq_prince_ribbit1

Skill      XL: |  1  2  3  4  5  6  7 |
---------------+----------------------+-----
Axes           | 3 4 5 |  5.7
Shields        | 4 5 |  5.2
Fighting       | 4 5 |  5.2
Armour         | 4 5 |  5.1
Throwing       | 1 2 |  2.5
Ranged Weapons | 1 2 |  2.4
Evocations     | 1 |  1.2

Action                     |  1- 3 |  4- 6 |  7- 9 || total
---------------------------+-------+-------+-------++-------
  Melee: War axe           |   114 |   109 |    39 ||   262
         Headbutt          |    13 |    14 |     6 ||    33
   Fire: Sling             |       |     3 |       ||     3
 Armour: Plate armour      |    77 |    97 |    24 ||   198
         Scale mail        |     4 |       |       ||     4
  Dodge: Dodged            |    35 |    30 |    14 ||    79
  Block: Buckler           |    28 |    20 |     8 ||    56
